 Dungeon Crawl Stone Soup version 0.28.0-53-g5a82cb258f (webtiles) character file.

Game seed: 3014065561499426475

117 Stomo the Ducker (level 4, -2/45 HPs)
             Began as a Troll Fighter on July 9, 2022.
             Slain by a gnoll
             ... wielding a +0 spear
              (3 damage)
             ... on level 3 of the Dungeon.
             The game lasted 00:01:57 (2237 turns).

Stomo the Ducker (Troll Fighter)                    Turns: 2237, Time: 00:01:58

Health: -2/45      AC:  4    Str: 26    XL:     4   Next: 71%
Magic:  3/3        EV:  9    Int:  4    God:
Gold:   53         SH:  7    Dex:  9    Spells: 3/3 levels left

rFire   . . .      SeeInvis .   a - +0 flail
rCold   . . .      Faith    .   c - +0 kite shield
rNeg    . . .      Spirit   .   b - +0 robe
rPois   .          Reflect  .   (helmet restricted)
rElec   .          Harm     .   (no cloak)
rCorr   .          Rampage  .   (gloves unavailable)
Will    .....                   (boots unavailable)
Stlth   +.........              (no amulet)
HPRegen 0.95/turn               (no ring)
MPRegen 0.08/turn               (no ring)

@: no status effects
A: large, unfitting armour, claws 3, regeneration 1, shaggy fur 1, tough skin 1
a: no special abilities


You were on level 3 of the Dungeon.
You visited 1 branch of the dungeon, and saw 3 of its levels.

You collected 53 gold pieces.

Inventory:

Hand Weapons
 a - a +0 flail (weapon)
Armour
 b - a +0 robe (worn)
 c - a +0 kite shield (worn)
Jewellery
 g - a ring of ice
 j - an amulet of the acrobat
 k - a ring of resist corrosion
Scrolls
 e - 4 scrolls of identify {unknown}
 h - a scroll of brand weapon {unknown}
 i - a scroll of noise {unknown}
Potions
 d - a potion of might
 f - a potion of haste {unknown}
 l - a potion of curing {unknown}


   Skills:
 + Level 3.2 Fighting
 + Level 2.9 Maces & Flails
 + Level 3.3 Dodging
 - Level 2.4 Shields


You had 3 spell levels left.
You didn't know any spells.
Your spell library was empty.

Dungeon Overview and Level Annotations

Branches:
Dungeon (3/15)

Altars:
Elyvilon
Yredelemnul

Shops:
D:1 =


Innate Abilities, Weirdness & Mutations

You are too large for most types of armour.
You have claws for hands.
Your natural rate of healing is unusually fast.
You are covered in fur. (AC +1)
You have tough skin. (AC +1)


Message History

The gnoll is heavily wounded.
The gnoll closely misses you. You block the gnoll's attack.
Unknown command.
The gnoll barely misses you.
You closely miss the gnoll.
The gnoll is heavily wounded.
You block the gnoll's attack. The gnoll barely misses you.
The gnoll hits you but does no damage.
The gnoll hits you from afar with a +0 halberd!
You hit the gnoll.
The gnoll is severely wounded.
You block the gnoll's attack. The gnoll closely misses you.
The gnoll hits you from afar with a +0 halberd!
The gnoll barely misses you.
The gnoll hits you from afar with a +0 spear.
Unknown command.
You closely miss the gnoll.
The gnoll is severely wounded.
The gnoll misses you. The gnoll barely misses you. x2
The gnoll hits you but does no damage.
You barely miss the gnoll.
The gnoll is severely wounded.
The gnoll closely misses you.
The gnoll hits you from afar with a +0 spear.
You block the gnoll's attack.
Unknown command.
You hit the gnoll.
The gnoll is severely wounded.
The gnoll hits you with a +0 whip. The gnoll barely misses you.
The gnoll hits you from afar with a +0 halberd.
* * * LOW HITPOINT WARNING * * *
You block the gnoll's attack.
The gnoll hits you from afar with a +0 spear.
* * * LOW HITPOINT WARNING * * *
You sock the gnoll!
You kill the gnoll!
The gnoll hits you from afar with a +0 halberd!
* * * LOW HITPOINT WARNING * * *
The gnoll hits you from afar with a +0 spear.
You die...

#.# #.....#......
#.###.###.####... #.........#
##.# #.# #.........# #.# #.#
#.....##.## #.# #.# #..#####.#
##'# # #.# #..#####.# ##... #
###.# ##.g......# ##.... .
##.#.# #@.g...######..... .
####....######)###....###......
. +.......g.g....#
#......+...... .
####....######.###....###......
. ##.#.# #........# ##..... #
###.# ######.### ##.... # #g#
#.# ##... #.# #.# ##'# #g# #.#
#.#


You could see 2 gnolls.

Vanquished Creatures
  An orc priest (D:3)
  A gnoll (D:3)
  3 adders (D:2)
  2 worms
  A dart slug (D:1)
  3 orcs (D:3)
  5 bats
  6 endoplasms
  4 giant cockroaches
  4 goblins
  2 hobgoblins (D:2)
  5 kobolds (D:1)
  2 quokkas
  4 ball pythons
  2 frilled lizards (D:2)
  5 rats
50 creatures vanquished.

Notes
Turn   | Place    | Note
-------+----------+-------------------------------------------
     0 | D:1      | Stomo the Troll Fighter began the quest for the Orb.
     0 | D:1      | Reached XP level 1. HP: 22/22 MP: 0/0
    65 | D:1      | Reached XP level 2. HP: 29/29 MP: 1/1
   649 | D:1      | Found Horiecaq's Jewellery Emporium.
   800 | D:1      | Found a faded altar of an unknown god.
   806 | D:1      | Reached XP level 3. HP: 36/36 MP: 2/2
  1382 | D:2      | Reached XP level 4. HP: 45/45 MP: 3/3
  1848 | D:3      | Found a white marble altar of Elyvilon.
  2006 | D:3      | Found a basalt altar of Yredelemnul.
  2237 | D:3      | HP: 1/45 [gnoll/+0 halberd (10)]
  2237 | D:3      | Slain by a gnoll

Illustrated notes

Levels and vault maps discovered:
D:1:      saegor_arrival_simple_c, layout_basic,
          hellmonk_ecumenical_altar_inner_sanctum, serial_shops,
          nicolae_lakefront_shop
D:2:      layout_basic
D:3:      layout_loops_corners, kennysheep_ying_yang, grunt_decor_one_mirror,
          minmay_circle_x

Skill      XL: |  1  2  3 |
---------------+----------+-----
Maces & Flails | 2 |  2.9
Dodging        | 3 |  3.3
Fighting       | 3 |  3.2
Shields        | |  2.4

Action                   |  1- 3 |  4- 6 || total
-------------------------+-------+-------++-------
Melee: Flail             |   129 |    47 ||   176
Armor: Robe              |    55 |    13 ||    68
Dodge: Dodged            |    40 |    30 ||    70
Block: Kite shield       |    55 |    34 ||    89
